WCHLSIM.com - West Coast Hockey League
html PUBLIC "-//W3C//DTD XHTML 1.0 Transitional//EN" "http://www.w3.org/TR/xhtml1/DTD/xhtml1-transitional.dtd"> WCHL - Game 633 - TEXAS TOROS vs VANCOUVER VOODOO

TEXAS TOROS vs VANCOUVER VOODOO

Created - 18 janvier 2023 at 07:12

Goals
1 2 3 T
TEXAS TOROS 0 4 0 4
VANCOUVER VOODOO 0 1 1 2
Shots
1 2 3 T
TEXAS TOROS 11 12 10 33
VANCOUVER VOODOO 3 12 10 25

1st period

No Goal

Penalties :
Logan Stanley (VAN) for Hooking (Minor) at 3:57, Jack McBain (VAN) for Hooking (Minor) at 12:01

2nd period

1. TEXAS TOROS , Erik Gustafsson 2 (Owen Power 4) at 3:00
2. TEXAS TOROS , Erik Gustafsson 3 (Barrett Hayton 13, Taylor Raddysh 3) at 5:19
3. TEXAS TOROS , Tyson Barrie 3 (Dante Fabbro 11, Brandon Duhaime 4) at 12:48
4. TEXAS TOROS , Vladislav Namestnikov 7 (Erik Gustafsson 5) at 13:57
5. VANCOUVER VOODOO , Josh Anderson 5 (Marcus Johansson 10, Patric Hornqvist 13) at 18:26

Penalties :
Dante Fabbro (TEX) for Cross-checking (Minor) at 14:44

3rd period

6. VANCOUVER VOODOO , Patric Hornqvist 12 (Marcus Johansson 11, Josh Bailey 16) at 8:30 (PP)

Penalties :
Colin Blackwell (TEX) for Hooking (Minor) at 8:18, Anthony Beauvillier (VAN) for Interference (Minor) at 14:45, Brendan Lemieux (VAN) for Interference (Minor) at 18:31

Goalie Stats

Philipp Grubauer (TEX), 23 saves from 25 shots - (0,920), W, 10-17-3, 60:00 minutes
Filip Gustavsson (VAN), 17 saves from 21 shots - (0,810), L, 0-2-0, 33:57 minutes
Samuel Montembeault (VAN), 12 saves from 12 shots - (1,000), 26:03 minutes

Players Stats for TEXAS TOROS

Player Name              G  A  P  +/- PIM S  H  SB GA TA FO     MP     PP MP  PK MP  
------------------------------------------------------------------------------------
Barrett Hayton           0  1  1   2  0   1  0  0  0  0  18/27  20:20   3:17   1:01 
Bobby Brink              0  0  0   0  0   4  0  0  0  0  1/2    17:21   3:26   0:00 
Brandon Duhaime          0  1  1   2  0   4  4  0  0  0  0/2    19:13   3:11   0:00 
Colin Blackwell          0  0  0   0  2   1  0  0  0  0  0/3     8:00   0:48   0:00 
Dante Fabbro             0  1  1   0  2   0  2  1  0  0  0/0    21:18   3:30   0:12 
Dougie Hamilton          0  0  0   0  0   0  0  0  0  0  0/0     0:00   0:00   0:00 
Erik Gustafsson          2  1  3   3  0   3  0  1  0  0  0/0    21:47   0:00   0:49 
Jason Zucker             0  0  0   0  0   0  1  0  0  0  1/7     4:41   0:00   0:00 
Johnathan Kovacevic      0  0  0   0  0   0  0  0  0  0  0/0    12:50   0:00   1:01 
Mikey Eyssimont          0  0  0   0  0   0  1  0  0  0  2/2    14:14   0:00   0:00 
Owen Power               0  1  1   2  0   0  0  1  0  0  0/0    16:03   3:55   0:00 
Richard Panik            0  0  0   1  0   1  1  1  0  0  8/14   12:13   0:00   0:00 
Ryan Poehling            0  0  0   0  0   6  0  0  0  0  13/22  19:31   4:08   1:01 
Ryan Suter               0  0  0   1  0   2  0  2  0  0  0/0    25:32   3:55   0:58 
Taylor Raddysh           0  1  1   2  0   3  0  0  0  0  0/2    20:29   3:17   1:10 
Tyson Barrie             1  0  1   0  0   2  1  1  0  0  0/0    22:29   3:30   1:22 
Vladislav Namestnikov    1  0  1   1  0   4  1  0  0  0  1/1    24:10   3:20   1:10 
Yegor Chinakhov          0  0  0   1  0   2  0  0  0  0  0/2    17:36   0:48   0:00 

Players Stats for VANCOUVER VOODOO

Player Name              G  A  P  +/- PIM S  H  SB GA TA FO     MP     PP MP  PK MP  
------------------------------------------------------------------------------------
Anthony Beauvillier      0  0  0   0  2   3  0  1  0  0  0/0    17:58   0:00   0:00 
Braden Schneider         0  0  0  -3  0   0  3  0  0  0  0/0    18:09   0:00   2:57 
Brendan Gallagher        0  0  0  -2  0   2  0  0  0  0  0/1    12:25   1:05   0:00 
Brendan Lemieux          0  0  0  -2  2   2  1  0  0  0  0/0    13:46   0:00   2:27 
Cole Sillinger           0  0  0   0  0   4  1  0  0  0  12/25  17:59   0:00   0:00 
Denis Gurianov           0  0  0   0  0   2  0  0  0  0  0/0     5:12   0:00   0:00 
Dominik Kubalik          0  0  0   0  0   1  1  0  0  0  1/2     7:20   0:00   2:08 
Jack Ahcan               0  0  0  -2  0   0  1  0  0  0  0/0    15:57   1:06   0:00 
Jack McBain              0  0  0  -2  2   0  1  2  0  0  11/17  13:45   0:00   2:26 
Josh Anderson            1  0  1  -1  0   1  0  1  0  0  0/2    16:58   1:05   0:00 
Josh Bailey              0  1  1   0  0   1  1  0  0  0  3/3    19:11   1:06   0:06 
Logan Stanley            0  0  0   0  2   1  6  0  0  0  0/0    21:22   0:00   2:00 
Marcus Johansson         0  2  2  -1  0   1  0  0  0  0  4/18   17:04   1:06   0:05 
Matthew Grzelcyk         0  0  0   0  0   0  1  0  0  0  0/0    22:46   1:06   3:28 
Mike Reilly              0  0  0   0  0   1  1  2  0  0  0/0    22:02   1:05   3:57 
Patric Hornqvist         1  1  2  -1  0   4  4  0  0  0  2/2    20:27   1:06   3:28 
Radek Faksa              0  0  0   0  0   1  0  0  0  0  7/14   10:27   1:05   4:10 
Sebastien Aho            0  0  0  -1  0   1  0  1  0  0  0/0    19:43   1:05   2:28 

3 Stars

1 - Erik Gustafsson (TEX)
2 - Brandon Duhaime (TEX)
3 - Vladislav Namestnikov (TEX)

Power Play

TEXAS TOROS - 0 on 4 Attempt(s) - 0,00%
VANCOUVER VOODOO - 1 on 2 Attempt(s) - 50,00%

Penalty Kill

TEXAS TOROS - 1 on 2 Attempt(s) - 50,00% - Score 0 goal in Penalty Kill
VANCOUVER VOODOO - 4 on 4 Attempt(s) - 100,00% - Score 0 goal in Penalty Kill

Team Stat

TEXAS TOROS - Hits : 11 - Faceoff Wins : 44 - Blocked Shots : 7 - Penalty Minutes : 4
VANCOUVER VOODOO - Hits : 21 - Faceoff Wins : 40 - Blocked Shots : 7 - Penalty Minutes : 8

Official

Referees : Kelly Sutherland and Dean Morton
Linesman : Shandor Alphonso and Bryan Pancich

Game Notes

Samuel Montembeault enters game at 13:57 of 2nd period
Richard Panik is injured at 1:41 of 3rd period (Strained Left Elbow)

Finance

Level 1 -- Attendance: 7200 (100,00%) -- Ticket Income 1 044 000 $
Level 2 -- Attendance: 5500 (100,00%) -- Ticket Income 550 000 $
Level 3 -- Attendance: 2992 (99,73%) -- Ticket Income 203 456 $
Level 4 -- Attendance: 5234 (87,23%) -- Ticket Income 251 232 $
Luxury Box -- Attendance: 1000 (100,00%) -- Ticket Income 300 000 $
Total Attendance: 21926 (96,59%)
Total Ticket Income: 2 348 688 $
Other Expense: 23 487 $
Total Income: 2 325 201 $

TEXAS TOROS

5 vs 5 Forward 
   Center                   Left Wing                Right Wing               Time % Phy DF OF 
 1 Richard Panik            Vladislav Namestnikov    Yegor Chinakhov          36     1   2  2  
 2 Barrett Hayton           Brandon Duhaime          Taylor Raddysh           31     1   2  2  
 3 Ryan Poehling            Mikey Eyssimont          Bobby Brink              23     1   2  2  
 4 Jason Zucker             Colin Blackwell          Vladislav Namestnikov    10     1   2  2  

5 vs 5 Defense 
   Defense                  Defense                                           Time % Phy DF OF 
 1 Ryan Suter               Erik Gustafsson                                   36     1   2  2  
 2 Tyson Barrie             Dante Fabbro                                      31     1   2  2  
 3 Owen Power               Erik Gustafsson                                   23     1   2  2  
 4 Johnathan Kovacevic      Ryan Suter                                        10     1   2  2  

PowerPlay Forward 
   Center                   Left Wing                Right Wing               Time % Phy DF OF 
 1 Ryan Poehling            Vladislav Namestnikov    Bobby Brink              55     1   2  2  
 2 Barrett Hayton           Brandon Duhaime          Taylor Raddysh           45     1   2  2  

PowerPlay Defense
   Defense                  Defense                                           Time % Phy DF OF 
 1 Ryan Suter               Owen Power                                        55     1   2  2  
 2 Tyson Barrie             Dante Fabbro                                      45     1   2  2  

Penalty Kill 4 Players Forward 
   Center                   Wing                     Time % Phy DF OF 
 1 Taylor Raddysh           Vladislav Namestnikov    55     1   2  2  
 2 Barrett Hayton           Ryan Poehling            45     1   2  2  

Penalty Kill 4 Players Defense
   Defense                  Defense                  Time % Phy DF OF 
 1 Ryan Suter               Erik Gustafsson          55     1   2  2  
 2 Tyson Barrie             Dante Fabbro             45     1   2  2  

Penalty Kill - 3 Players Forward 
   Forward                                           Time % Phy DF OF 
 1 Barrett Hayton                                    55     1   2  2  
 2 Vladislav Namestnikov                             45     1   2  2  

Penalty Kill - 3 Players Defense
   Defense                  Defense                  Time % Phy DF OF 
 1 Ryan Suter               Erik Gustafsson          55     1   2  2  
 2 Tyson Barrie             Dante Fabbro             45     1   2  2  

4 vs 4 Forward 
   Center                   Wing                     Time % Phy DF OF 
 1 Taylor Raddysh           Vladislav Namestnikov    55     1   2  2  
 2 Barrett Hayton           Bobby Brink              45     1   2  2  

4 vs 4 Defense
   Defense                  Defense                  Time % Phy DF OF 
 1 Ryan Suter               Johnathan Kovacevic      55     1   2  2  
 2 Tyson Barrie             Dante Fabbro             45     1   2  2  

Last Minutes Offensive
   Center                   Left Wing                Right Wing               Defense                  Defense                  
   Richard Panik            Vladislav Namestnikov    Yegor Chinakhov          Ryan Suter               Tyson Barrie             

Last Minutes Defensive
   Center                   Left Wing                Right Wing               Defense                  Defense                  
   Richard Panik            Vladislav Namestnikov    Yegor Chinakhov          Ryan Suter               Tyson Barrie             

Goaltenders
Starting : Philipp Grubauer         
Backup : Adin Hill                

Extra Forwards
Normal : Ryan Poehling, Bobby Brink, Mikey Eyssimont - PP : Ryan Poehling, Bobby Brink - PK : Mikey Eyssimont
Extra Defensemen
Normal : Owen Power, Erik Gustafsson, Johnathan Kovacevic - PP : Owen Power - PK : Erik Gustafsson, Johnathan Kovacevic
Penalty Shots
Mikey Eyssimont, Vladislav Namestnikov, Barrett Hayton, Ryan Poehling, Taylor Raddysh
Custom OT Lines Forwards
Richard Panik, Vladislav Namestnikov, Barrett Hayton, Yegor Chinakhov, Taylor Raddysh, Ryan Poehling, Bobby Brink, Brandon Duhaime, Mikey Eyssimont, Jason Zucker
Custom OT Lines Defensemen
Ryan Suter, Erik Gustafsson, Tyson Barrie, Dante Fabbro, Owen Power

Scratches
Connor Bunnaman (Healthy), Alec Martinez (Left Hand Injury), Nate Schmidt (Torso Injury), Miles Wood (Healthy), Philippe Myers (Abdominal Strain Injury)
Trevor Zegras (Healthy)

VANCOUVER VOODOO

5 vs 5 Forward 
   Center                   Left Wing                Right Wing               Time % Phy DF OF 
 1 Cole Sillinger           Anthony Beauvillier      Josh Bailey              36     1   2  2  
 2 Marcus Johansson         Josh Anderson            Patric Hornqvist         31     1   2  2  
 3 Jack McBain              Brendan Lemieux          Brendan Gallagher        23     1   2  2  
 4 Radek Faksa              Dominik Kubalik          Denis Gurianov           10     1   2  2  

5 vs 5 Defense 
   Defense                  Defense                                           Time % Phy DF OF 
 1 Logan Stanley            Matthew Grzelcyk                                  36     1   2  2  
 2 Sebastien Aho            Mike Reilly                                       33     1   2  2  
 3 Jack Ahcan               Braden Schneider                                  31     1   2  2  
 4 Jack Ahcan               Mike Reilly                                       0      1   2  2  

PowerPlay Forward 
   Center                   Left Wing                Right Wing               Time % Phy DF OF 
 1 Josh Bailey              Marcus Johansson         Patric Hornqvist         55     1   2  2  
 2 Radek Faksa              Josh Anderson            Brendan Gallagher        45     1   2  2  

PowerPlay Defense
   Defense                  Defense                                           Time % Phy DF OF 
 1 Mike Reilly              Sebastien Aho                                     55     1   2  2  
 2 Jack Ahcan               Matthew Grzelcyk                                  45     1   2  2  

Penalty Kill 4 Players Forward 
   Center                   Wing                     Time % Phy DF OF 
 1 Radek Faksa              Patric Hornqvist         55     1   2  2  
 2 Jack McBain              Brendan Lemieux          45     1   2  2  

Penalty Kill 4 Players Defense
   Defense                  Defense                  Time % Phy DF OF 
 1 Braden Schneider         Mike Reilly              55     1   2  2  
 2 Logan Stanley            Matthew Grzelcyk         45     1   2  2  

Penalty Kill - 3 Players Forward 
   Forward                                           Time % Phy DF OF 
 1 Brendan Lemieux                                   55     1   2  2  
 2 Patric Hornqvist                                  45     1   2  2  

Penalty Kill - 3 Players Defense
   Defense                  Defense                  Time % Phy DF OF 
 1 Jack Ahcan               Mike Reilly              55     1   2  2  
 2 Logan Stanley            Matthew Grzelcyk         45     1   2  2  

4 vs 4 Forward 
   Center                   Wing                     Time % Phy DF OF 
 1 Josh Bailey              Patric Hornqvist         55     1   2  2  
 2 Marcus Johansson         Josh Anderson            45     1   2  2  

4 vs 4 Defense
   Defense                  Defense                  Time % Phy DF OF 
 1 Sebastien Aho            Mike Reilly              55     1   2  2  
 2 Logan Stanley            Braden Schneider         45     1   2  2  

Last Minutes Offensive
   Center                   Left Wing                Right Wing               Defense                  Defense                  
   Josh Bailey              Marcus Johansson         Patric Hornqvist         Logan Stanley            Matthew Grzelcyk         

Last Minutes Defensive
   Center                   Left Wing                Right Wing               Defense                  Defense                  
   Jack McBain              Marcus Johansson         Patric Hornqvist         Logan Stanley            Matthew Grzelcyk         

Goaltenders
Starting : Filip Gustavsson         
Backup : Samuel Montembeault      

Extra Forwards
Normal : Anthony Beauvillier, Denis Gurianov, Dominik Kubalik - PP : Anthony Beauvillier, Denis Gurianov - PK : Dominik Kubalik
Extra Defensemen
Normal : Matthew Grzelcyk, Sebastien Aho, Logan Stanley - PP : Matthew Grzelcyk - PK : Sebastien Aho, Logan Stanley
Penalty Shots
Josh Bailey, Patric Hornqvist, Marcus Johansson, Josh Anderson, Radek Faksa
Custom OT Lines Forwards
Josh Bailey, Patric Hornqvist, Marcus Johansson, Josh Anderson, Radek Faksa, Anthony Beauvillier, Brendan Gallagher, Denis Gurianov, Dominik Kubalik, Cole Sillinger
Custom OT Lines Defensemen
Logan Stanley, Mike Reilly, Braden Schneider, Matthew Grzelcyk, Sebastien Aho

Scratches
Adam Gaudette (Healthy), John Moore (Sprained Left Finger Injury), Noel Acciari (Left Leg Injury), Jake Allen (Strained Right Elbow Injury)

% Time on Ice - TEXAS TOROS

Lines # - Real PCT - Wanted PCT - Time Play
Normal Forward
1 - 33% - 36% - 16:48
2 - 32% - 31% - 16:02
3 - 26% - 23% - 12:53
4 - 9% - 10% - 4:41
Normal Defense
1 - 18% - 36% - 8:50
2 - 35% - 31% - 17:37
3 - 24% - 23% - 12:08
4 - 23% - 10% - 11:49
PP Forward
1 - 56% - 55% - 4:08
2 - 44% - 45% - 3:17
PP Defense
1 - 53% - 55% - 3:55
2 - 47% - 45% - 3:30
PK Forward
1 - 53% - 55% - 1:10
2 - 47% - 45% - 1:01
PK Defense
1 - 11% - 55% - 0:14
2 - 89% - 45% - 1:57
PK3 Forward
1 - 0% - 55%
2 - 0% - 45%
PK3 Defense
1 - 0% - 55%
2 - 0% - 45%
44 Forward
1 - 0% - 55%
2 - 0% - 45%
44 Defense
1 - 0% - 55%
2 - 0% - 45%
Last Minute Offensive  - 0:00
Last Minute Defensive  - 0:00
Total
Forward - 60:00
Defense - 60:00

% Time on Ice - VANCOUVER VOODOO

Lines # - Real PCT - Wanted PCT - Time Play
Normal Forward
1 - 36% - 36% - 17:59
2 - 32% - 31% - 15:53
3 - 22% - 23% - 11:20
4 - 10% - 10% - 5:12
Normal Defense
1 - 36% - 36% - 18:12
2 - 32% - 33% - 16:10
3 - 30% - 31% - 15:12
4 - 2% - 0% - 0:50
PP Forward
1 - 50% - 55% - 1:06
2 - 50% - 45% - 1:05
PP Defense
1 - 50% - 55% - 1:05
2 - 50% - 45% - 1:06
PK Forward
1 - 56% - 55% - 4:10
2 - 44% - 45% - 3:15
PK Defense
1 - 53% - 55% - 3:57
2 - 47% - 45% - 3:28
PK3 Forward
1 - 0% - 55%
2 - 0% - 45%
PK3 Defense
1 - 0% - 55%
2 - 0% - 45%
44 Forward
1 - 0% - 55%
2 - 0% - 45%
44 Defense
1 - 0% - 55%
2 - 0% - 45%
Last Minute Offensive  - 0:00
Last Minute Defensive  - 0:00
Total
Forward - 60:00
Defense - 60:00

Play-by-Play

1st period


0:01 of 1st period - Cole Sillinger wins face-off versus Richard Panik in neutral zone.
0:46 of 1st period - Off-side.
0:47 of 1st period - Barrett Hayton wins face-off versus Marcus Johansson in neutral zone.
0:54 of 1st period - Shot by Taylor Raddysh.
0:54 of 1st period - Shot Misses the Net.
1:09 of 1st period - Tyson Barrie is hit by Patric Hornqvist and loses puck.
1:23 of 1st period - Icing by Dante Fabbro.
1:24 of 1st period - Jack McBain wins face-off versus Barrett Hayton in TEXAS TOROS zone.
1:44 of 1st period - Owen Power is hit by Jack Ahcan and loses puck.
1:52 of 1st period - Shot by Ryan Poehling.
1:52 of 1st period - Stopped by Filip Gustavsson without a rebound.
1:53 of 1st period - Radek Faksa wins face-off versus Colin Blackwell in VANCOUVER VOODOO zone.
2:28 of 1st period - Shot by Denis Gurianov.
2:28 of 1st period - Stopped by Philipp Grubauer without a rebound.
2:29 of 1st period - Ryan Poehling wins face-off versus Marcus Johansson in TEXAS TOROS zone.
3:36 of 1st period - Icing by Barrett Hayton.
3:37 of 1st period - Jack McBain wins face-off versus Barrett Hayton in TEXAS TOROS zone.
3:39 of 1st period - Brendan Gallagher is hit by Tyson Barrie and loses puck.
3:57 of 1st period - Minor Penalty to Logan Stanley for Hooking.
3:58 of 1st period - Vladislav Namestnikov wins face-off versus Radek Faksa in VANCOUVER VOODOO zone.
4:01 of 1st period - Shot by Vladislav Namestnikov.
4:01 of 1st period - Deflect By Bobby Brink.
4:01 of 1st period - Stopped by Filip Gustavsson with a rebound.
4:03 of 1st period - Shot by Ryan Poehling.
4:03 of 1st period - Stopped by Filip Gustavsson without a rebound.
4:04 of 1st period - Patric Hornqvist wins face-off versus Barrett Hayton in VANCOUVER VOODOO zone.
4:38 of 1st period - Shot by Barrett Hayton.
4:38 of 1st period - Shot Misses the Net.
5:10 of 1st period - Shot by Ryan Poehling.
5:10 of 1st period - Stopped by Filip Gustavsson with a rebound.
6:23 of 1st period - Shot by Yegor Chinakhov.
6:23 of 1st period - Stopped by Filip Gustavsson with a rebound.
6:25 of 1st period - Shot by Erik Gustafsson.
6:25 of 1st period - Stopped by Filip Gustavsson without a rebound.
6:26 of 1st period - Radek Faksa wins face-off versus Jason Zucker in VANCOUVER VOODOO zone.
6:40 of 1st period - Icing by Logan Stanley.
6:41 of 1st period - Barrett Hayton wins face-off versus Dominik Kubalik in VANCOUVER VOODOO zone.
7:01 of 1st period - Shot by Radek Faksa.
7:01 of 1st period - Stopped by Philipp Grubauer with a rebound.
7:48 of 1st period - Off-side.
7:49 of 1st period - Richard Panik wins face-off versus Marcus Johansson in neutral zone.
7:49 of 1st period - Vladislav Namestnikov is hit by Patric Hornqvist and loses puck.
8:00 of 1st period - Shot by Richard Panik.
8:00 of 1st period - Stopped by Filip Gustavsson without a rebound.
8:01 of 1st period - Jack McBain wins face-off versus Jason Zucker in VANCOUVER VOODOO zone.
8:03 of 1st period - Icing by Brendan Gallagher.
8:04 of 1st period - Richard Panik wins face-off versus Brendan Gallagher in VANCOUVER VOODOO zone.
9:11 of 1st period - Shot by Bobby Brink.
9:11 of 1st period - Shot Misses the Net.
9:25 of 1st period - Shot by Ryan Poehling.
9:25 of 1st period - Stopped by Filip Gustavsson without a rebound.
9:26 of 1st period - Barrett Hayton wins face-off versus Marcus Johansson in VANCOUVER VOODOO zone.
9:37 of 1st period - Shot by Brandon Duhaime.
9:37 of 1st period - Stopped by Filip Gustavsson without a rebound.
9:38 of 1st period - Cole Sillinger wins face-off versus Jason Zucker in VANCOUVER VOODOO zone.
9:45 of 1st period - Shot by Josh Bailey.
9:45 of 1st period - Shot Misses the Net.
9:47 of 1st period - Shot by Cole Sillinger.
9:47 of 1st period - Stopped by Philipp Grubauer with a rebound.
10:07 of 1st period - Icing by Anthony Beauvillier.
10:08 of 1st period - Barrett Hayton wins face-off versus Cole Sillinger in VANCOUVER VOODOO zone.
10:12 of 1st period - Icing by Logan Stanley.
10:13 of 1st period - Barrett Hayton wins face-off versus Cole Sillinger in VANCOUVER VOODOO zone.
10:41 of 1st period - Icing by Logan Stanley.
10:42 of 1st period - Richard Panik wins face-off versus Cole Sillinger in VANCOUVER VOODOO zone.
11:17 of 1st period - Off-side.
11:18 of 1st period - Marcus Johansson wins face-off versus Bobby Brink in neutral zone.
11:43 of 1st period - Shot by Bobby Brink.
11:43 of 1st period - Stopped by Filip Gustavsson without a rebound.
11:44 of 1st period - Barrett Hayton wins face-off versus Jack McBain in VANCOUVER VOODOO zone.
11:44 of 1st period - Ryan Suter is hit by Mike Reilly.
12:01 of 1st period - Minor Penalty to Jack McBain for Hooking.
12:02 of 1st period - Ryan Poehling wins face-off versus Radek Faksa in VANCOUVER VOODOO zone.
12:53 of 1st period - Shot by Barrett Hayton.
12:53 of 1st period - Stopped by Filip Gustavsson without a rebound.
12:54 of 1st period - Barrett Hayton wins face-off versus Radek Faksa in VANCOUVER VOODOO zone.
12:54 of 1st period - Ryan Suter is hit by Braden Schneider and loses puck.
13:26 of 1st period - Shot by Ryan Suter.
13:26 of 1st period - Shot Blocked by Mike Reilly.
15:40 of 1st period - Jack McBain is hit by Jason Zucker.
15:53 of 1st period - Shot by Erik Gustafsson.
15:53 of 1st period - Shot Misses the Net.
16:01 of 1st period - Shot by Colin Blackwell.
16:01 of 1st period - Shot Misses the Net.
17:24 of 1st period - Icing by Erik Gustafsson.
17:25 of 1st period - Cole Sillinger wins face-off versus Richard Panik in TEXAS TOROS zone.
18:45 of 1st period - Icing by Denis Gurianov.
18:46 of 1st period - Ryan Poehling wins face-off versus Radek Faksa in VANCOUVER VOODOO zone.
18:55 of 1st period - Mikey Eyssimont is hit by Dominik Kubalik and loses puck.
19:00 of 1st period - Shot by Dominik Kubalik.
19:00 of 1st period - Shot Misses the Net.
19:57 of 1st period - Matthew Grzelcyk is hit by Mikey Eyssimont and loses puck.
Goals for this period are 0 for TEXAS TOROS vs 0 for VANCOUVER VOODOO.
Shots for this period are 11 for TEXAS TOROS vs 3 for VANCOUVER VOODOO.

2nd period


0:01 of 2nd period - Richard Panik wins face-off versus Marcus Johansson in neutral zone.
0:59 of 2nd period - Off-side.
1:00 of 2nd period - Cole Sillinger wins face-off versus Ryan Poehling in neutral zone.
1:02 of 2nd period - Off-side.
1:03 of 2nd period - Barrett Hayton wins face-off versus Cole Sillinger in neutral zone.
2:13 of 2nd period - Icing by Mike Reilly.
2:14 of 2nd period - Jack McBain wins face-off versus Richard Panik in VANCOUVER VOODOO zone.
2:31 of 2nd period - Shot by Brendan Gallagher.
2:31 of 2nd period - Stopped by Philipp Grubauer without a rebound.
2:32 of 2nd period - Ryan Poehling wins face-off versus Marcus Johansson in TEXAS TOROS zone.
2:48 of 2nd period - Shot by Erik Gustafsson.
2:48 of 2nd period - Shot Misses the Net.
3:00 of 2nd period - Shot by Erik Gustafsson.
3:00 of 2nd period - Goal by Erik Gustafsson - TEXAS TOROS : 1 - VANCOUVER VOODOO : 0.
3:01 of 2nd period - Richard Panik wins face-off versus Cole Sillinger in neutral zone.
3:01 of 2nd period - Richard Panik is hit by Cole Sillinger.
3:13 of 2nd period - Logan Stanley is hit by Richard Panik and loses puck.
3:43 of 2nd period - Richard Panik is hit by Logan Stanley and loses puck.
4:22 of 2nd period - Shot by Josh Anderson.
4:22 of 2nd period - Shot Blocked by Ryan Suter.
4:24 of 2nd period - Shot by Patric Hornqvist.
4:24 of 2nd period - Shot Misses the Net.
4:26 of 2nd period - Shot by Sebastien Aho.
4:26 of 2nd period - Stopped by Philipp Grubauer with a rebound.
4:28 of 2nd period - Shot by Patric Hornqvist.
4:28 of 2nd period - Shot Misses the Net.
4:30 of 2nd period - Shot by Patric Hornqvist.
4:30 of 2nd period - Stopped by Philipp Grubauer with a rebound.
4:32 of 2nd period - Shot by Patric Hornqvist.
4:32 of 2nd period - Shot Blocked by Richard Panik.
5:07 of 2nd period - Icing by Braden Schneider.
5:08 of 2nd period - Barrett Hayton wins face-off versus Jack McBain in VANCOUVER VOODOO zone.
5:17 of 2nd period - Shot by Barrett Hayton.
5:17 of 2nd period - Shot Blocked by Jack McBain.
5:19 of 2nd period - Shot by Erik Gustafsson.
5:19 of 2nd period - Goal by Erik Gustafsson - TEXAS TOROS : 2 - VANCOUVER VOODOO : 0.
5:20 of 2nd period - Ryan Poehling wins face-off versus Cole Sillinger in neutral zone.
5:43 of 2nd period - Shot by Matthew Grzelcyk.
5:43 of 2nd period - Deflect By Josh Bailey.
5:43 of 2nd period - Stopped by Philipp Grubauer without a rebound.
5:44 of 2nd period - Barrett Hayton wins face-off versus Marcus Johansson in TEXAS TOROS zone.
5:48 of 2nd period - Off-side.
5:49 of 2nd period - Barrett Hayton wins face-off versus Marcus Johansson in neutral zone.
6:08 of 2nd period - Shot by Barrett Hayton.
6:08 of 2nd period - Shot Misses the Net.
6:10 of 2nd period - Shot by Taylor Raddysh.
6:10 of 2nd period - Shot Misses the Net.
6:12 of 2nd period - Shot by Barrett Hayton.
6:12 of 2nd period - Shot Misses the Net.
6:14 of 2nd period - Shot by Taylor Raddysh.
6:14 of 2nd period - Stopped by Filip Gustavsson without a rebound.
6:15 of 2nd period - Cole Sillinger wins face-off versus Ryan Poehling in VANCOUVER VOODOO zone.
6:44 of 2nd period - Shot by Anthony Beauvillier.
6:44 of 2nd period - Stopped by Philipp Grubauer without a rebound.
6:45 of 2nd period - Barrett Hayton wins face-off versus Josh Anderson in TEXAS TOROS zone.
6:50 of 2nd period - Shot by Brandon Duhaime.
6:50 of 2nd period - Shot Misses the Net.
6:52 of 2nd period - Shot by Ryan Suter.
6:52 of 2nd period - Shot Blocked by Josh Anderson.
6:58 of 2nd period - Shot by Barrett Hayton.
6:58 of 2nd period - Deflect By Brandon Duhaime.
6:58 of 2nd period - Stopped by Filip Gustavsson without a rebound.
6:59 of 2nd period - Dominik Kubalik wins face-off versus Jason Zucker in VANCOUVER VOODOO zone.
8:12 of 2nd period - Shot by Brandon Duhaime.
8:12 of 2nd period - Shot Misses the Net.
8:56 of 2nd period - Shot by Cole Sillinger.
8:56 of 2nd period - Stopped by Philipp Grubauer without a rebound.
8:57 of 2nd period - Ryan Poehling wins face-off versus Cole Sillinger in TEXAS TOROS zone.
8:57 of 2nd period - Ryan Poehling is hit by Josh Bailey.
9:21 of 2nd period - Shot by Ryan Poehling.
9:21 of 2nd period - Stopped by Filip Gustavsson without a rebound.
9:22 of 2nd period - Jack McBain wins face-off versus Yegor Chinakhov in VANCOUVER VOODOO zone.
9:48 of 2nd period - Shot by Brendan Gallagher.
9:48 of 2nd period - Shot Misses the Net.
10:18 of 2nd period - Icing by Erik Gustafsson.
10:19 of 2nd period - Richard Panik wins face-off versus Cole Sillinger in TEXAS TOROS zone.
10:47 of 2nd period - Shot by Josh Bailey.
10:47 of 2nd period - Shot Blocked by Erik Gustafsson.
10:49 of 2nd period - Shot by Logan Stanley.
10:49 of 2nd period - Shot Misses the Net.
11:35 of 2nd period - Shot by Patric Hornqvist.
11:35 of 2nd period - Shot Misses the Net.
11:43 of 2nd period - Shot by Marcus Johansson.
11:43 of 2nd period - Shot Blocked by Dante Fabbro.
11:47 of 2nd period - Shot by Patric Hornqvist.
11:47 of 2nd period - Stopped by Philipp Grubauer without a rebound.
11:48 of 2nd period - Radek Faksa wins face-off versus Ryan Poehling in TEXAS TOROS zone.
11:57 of 2nd period - Shot by Bobby Brink.
11:57 of 2nd period - Stopped by Filip Gustavsson without a rebound.
11:58 of 2nd period - Ryan Poehling wins face-off versus Jack McBain in VANCOUVER VOODOO zone.
11:58 of 2nd period - Bobby Brink is hit by Braden Schneider and loses puck.
12:14 of 2nd period - Ryan Suter is hit by Braden Schneider.
12:23 of 2nd period - Off-side.
12:24 of 2nd period - Cole Sillinger wins face-off versus Brandon Duhaime in neutral zone.
12:32 of 2nd period - Icing by Taylor Raddysh.
12:33 of 2nd period - Barrett Hayton wins face-off versus Marcus Johansson in TEXAS TOROS zone.
12:33 of 2nd period - Barrett Hayton is hit by Patric Hornqvist.
12:44 of 2nd period - Shot by Barrett Hayton.
12:44 of 2nd period - Deflect By Brandon Duhaime.
12:44 of 2nd period - Shot Misses the Net.
12:46 of 2nd period - Shot by Dante Fabbro.
12:46 of 2nd period - Shot Blocked by Mike Reilly.
12:48 of 2nd period - Shot by Tyson Barrie.
12:48 of 2nd period - Goal by Tyson Barrie - TEXAS TOROS : 3 - VANCOUVER VOODOO : 0.
12:49 of 2nd period - Ryan Poehling wins face-off versus Cole Sillinger in neutral zone.
13:17 of 2nd period - Shot by Ryan Poehling.
13:17 of 2nd period - Shot Misses the Net.
13:19 of 2nd period - Shot by Ryan Suter.
13:19 of 2nd period - Shot Misses the Net.
13:21 of 2nd period - Shot by Ryan Suter.
13:21 of 2nd period - Stopped by Filip Gustavsson without a rebound.
13:22 of 2nd period - Barrett Hayton wins face-off versus Marcus Johansson in VANCOUVER VOODOO zone.
13:23 of 2nd period - Shot by Tyson Barrie.
13:23 of 2nd period - Shot Misses the Net.
13:25 of 2nd period - Shot by Barrett Hayton.
13:25 of 2nd period - Shot Misses the Net.
13:47 of 2nd period - Shot by Taylor Raddysh.
13:47 of 2nd period - Deflect By Brandon Duhaime.
13:47 of 2nd period - Stopped by Filip Gustavsson without a rebound.
13:48 of 2nd period - Jack McBain wins face-off versus Richard Panik in VANCOUVER VOODOO zone.
13:57 of 2nd period - Shot by Vladislav Namestnikov.
13:57 of 2nd period - Goal by Vladislav Namestnikov - TEXAS TOROS : 4 - VANCOUVER VOODOO : 0.
13:57 of 2nd period - Samuel Montembeault enters game.
13:58 of 2nd period - Mikey Eyssimont wins face-off versus Cole Sillinger in neutral zone.
14:15 of 2nd period - Shot by Anthony Beauvillier.
14:15 of 2nd period - Stopped by Philipp Grubauer with a rebound.
14:39 of 2nd period - Icing by Josh Bailey.
14:40 of 2nd period - Cole Sillinger wins face-off versus Richard Panik in VANCOUVER VOODOO zone.
14:44 of 2nd period - Minor Penalty to Dante Fabbro for Cross-checking.
14:45 of 2nd period - Radek Faksa wins face-off versus Taylor Raddysh in TEXAS TOROS zone.
16:32 of 2nd period - Shot by Mike Reilly.
16:32 of 2nd period - Stopped by Philipp Grubauer without a rebound.
16:33 of 2nd period - Josh Bailey wins face-off versus Taylor Raddysh in TEXAS TOROS zone.
17:30 of 2nd period - Icing by Radek Faksa.
17:31 of 2nd period - Barrett Hayton wins face-off versus Radek Faksa in VANCOUVER VOODOO zone.
17:42 of 2nd period - Shot by Brandon Duhaime.
17:42 of 2nd period - Stopped by Samuel Montembeault with a rebound.
18:13 of 2nd period - Shot by Josh Bailey.
18:13 of 2nd period - Shot Misses the Net.
18:15 of 2nd period - Shot by Cole Sillinger.
18:15 of 2nd period - Stopped by Philipp Grubauer without a rebound.
18:16 of 2nd period - Ryan Poehling wins face-off versus Marcus Johansson in TEXAS TOROS zone.
18:26 of 2nd period - Shot by Josh Anderson.
18:26 of 2nd period - Goal by Josh Anderson - TEXAS TOROS : 4 - VANCOUVER VOODOO : 1.
18:27 of 2nd period - Cole Sillinger wins face-off versus Ryan Poehling in neutral zone.
18:43 of 2nd period - Shot by Ryan Poehling.
18:43 of 2nd period - Shot Blocked by Anthony Beauvillier.
18:49 of 2nd period - Shot by Ryan Poehling.
18:49 of 2nd period - Stopped by Samuel Montembeault without a rebound.
18:50 of 2nd period - Richard Panik wins face-off versus Marcus Johansson in VANCOUVER VOODOO zone.
19:18 of 2nd period - Icing by Ryan Suter.
19:19 of 2nd period - Cole Sillinger wins face-off versus Richard Panik in TEXAS TOROS zone.
19:38 of 2nd period - Icing by Cole Sillinger.
19:39 of 2nd period - Cole Sillinger wins face-off versus Barrett Hayton in VANCOUVER VOODOO zone.
19:39 of 2nd period - Cole Sillinger is hit by Brandon Duhaime.
19:49 of 2nd period - Shot by Cole Sillinger.
19:49 of 2nd period - Stopped by Philipp Grubauer without a rebound.
19:50 of 2nd period - Bobby Brink wins face-off versus Marcus Johansson in TEXAS TOROS zone.
19:50 of 2nd period - Tyson Barrie is hit by Patric Hornqvist and loses puck.
Goals for this period are 4 for TEXAS TOROS vs 1 for VANCOUVER VOODOO.
Shots for this period are 12 for TEXAS TOROS vs 12 for VANCOUVER VOODOO.

3rd period


0:01 of 3rd period - Richard Panik wins face-off versus Josh Anderson in neutral zone.
0:18 of 3rd period - Shot by Marcus Johansson.
0:18 of 3rd period - Deflect By Patric Hornqvist.
0:18 of 3rd period - Stopped by Philipp Grubauer without a rebound.
0:19 of 3rd period - Cole Sillinger wins face-off versus Barrett Hayton in TEXAS TOROS zone.
0:31 of 3rd period - Shot by Cole Sillinger.
0:31 of 3rd period - Deflect By Josh Bailey.
0:31 of 3rd period - Shot Misses the Net.
1:40 of 3rd period - Richard Panik is hit by Logan Stanley and loses puck.
1:41 of 3rd period - Richard Panik from TEXAS TOROS is injured at 1:41 of 3rd period (Strained Left Elbow).
1:42 of 3rd period - Jack McBain wins face-off versus Ryan Poehling in VANCOUVER VOODOO zone.
2:12 of 3rd period - Shot by Brendan Gallagher.
2:12 of 3rd period - Stopped by Philipp Grubauer with a rebound.
2:16 of 3rd period - Shot by Brendan Lemieux.
2:16 of 3rd period - Shot Blocked by Owen Power.
2:18 of 3rd period - Shot by Brendan Lemieux.
2:18 of 3rd period - Stopped by Philipp Grubauer without a rebound.
2:19 of 3rd period - Marcus Johansson wins face-off versus Colin Blackwell in TEXAS TOROS zone.
2:26 of 3rd period - Shot by Josh Anderson.
2:26 of 3rd period - Shot Misses the Net.
2:28 of 3rd period - Shot by Logan Stanley.
2:28 of 3rd period - Stopped by Philipp Grubauer without a rebound.
2:29 of 3rd period - Cole Sillinger wins face-off versus Ryan Poehling in TEXAS TOROS zone.
3:50 of 3rd period - Shot by Barrett Hayton.
3:50 of 3rd period - Shot Blocked by Sebastien Aho.
4:13 of 3rd period - Marcus Johansson is hit by Dante Fabbro and loses puck.
4:20 of 3rd period - Shot by Patric Hornqvist.
4:20 of 3rd period - Shot Misses the Net.
4:24 of 3rd period - Shot by Marcus Johansson.
4:24 of 3rd period - Shot Misses the Net.
5:13 of 3rd period - Jack McBain is hit by Dante Fabbro and loses puck.
5:27 of 3rd period - Icing by Dante Fabbro.
5:28 of 3rd period - Radek Faksa wins face-off versus Brandon Duhaime in TEXAS TOROS zone.
5:35 of 3rd period - Shot by Denis Gurianov.
5:35 of 3rd period - Stopped by Philipp Grubauer without a rebound.
5:36 of 3rd period - Ryan Poehling wins face-off versus Radek Faksa in TEXAS TOROS zone.
6:19 of 3rd period - Off-side.
6:20 of 3rd period - Marcus Johansson wins face-off versus Jason Zucker in neutral zone.
6:25 of 3rd period - Shot by Patric Hornqvist.
6:25 of 3rd period - Shot Blocked by Ryan Suter.
6:27 of 3rd period - Shot by Mike Reilly.
6:27 of 3rd period - Shot Misses the Net.
6:29 of 3rd period - Shot by Marcus Johansson.
6:29 of 3rd period - Stopped by Philipp Grubauer without a rebound.
6:30 of 3rd period - Jack McBain wins face-off versus Ryan Poehling in TEXAS TOROS zone.
6:37 of 3rd period - Shot by Sebastien Aho.
6:37 of 3rd period - Shot Misses the Net.
7:19 of 3rd period - Shot by Vladislav Namestnikov.
7:19 of 3rd period - Stopped by Samuel Montembeault with a rebound.
7:35 of 3rd period - Shot by Vladislav Namestnikov.
7:35 of 3rd period - Stopped by Samuel Montembeault without a rebound.
7:36 of 3rd period - Patric Hornqvist wins face-off versus Yegor Chinakhov in VANCOUVER VOODOO zone.
7:36 of 3rd period - Patric Hornqvist is hit by Vladislav Namestnikov.
7:49 of 3rd period - Icing by Vladislav Namestnikov.
7:50 of 3rd period - Mikey Eyssimont wins face-off versus Cole Sillinger in TEXAS TOROS zone.
8:02 of 3rd period - Vladislav Namestnikov is hit by Logan Stanley and loses puck.
8:08 of 3rd period - Yegor Chinakhov is hit by Logan Stanley and loses puck.
8:18 of 3rd period - Minor Penalty to Colin Blackwell for Hooking.
8:19 of 3rd period - Josh Bailey wins face-off versus Barrett Hayton in TEXAS TOROS zone.
8:28 of 3rd period - Shot by Josh Bailey.
8:28 of 3rd period - Deflect By Marcus Johansson.
8:28 of 3rd period - Shot Blocked by Tyson Barrie.
8:30 of 3rd period - Shot by Patric Hornqvist.
8:30 of 3rd period - Goal by Patric Hornqvist - TEXAS TOROS : 4 - VANCOUVER VOODOO : 2.
8:31 of 3rd period - Radek Faksa wins face-off versus Jason Zucker in neutral zone.
8:39 of 3rd period - Icing by Owen Power.
8:40 of 3rd period - Jason Zucker wins face-off versus Marcus Johansson in TEXAS TOROS zone.
9:54 of 3rd period - Shot by Taylor Raddysh.
9:54 of 3rd period - Stopped by Samuel Montembeault without a rebound.
9:55 of 3rd period - Jack McBain wins face-off versus Ryan Poehling in VANCOUVER VOODOO zone.
10:26 of 3rd period - Shot by Jack McBain.
10:26 of 3rd period - Deflect By Brendan Gallagher.
10:26 of 3rd period - Shot Misses the Net.
10:28 of 3rd period - Shot by Brendan Lemieux.
10:28 of 3rd period - Shot Misses the Net.
10:30 of 3rd period - Shot by Brendan Lemieux.
10:30 of 3rd period - Stopped by Philipp Grubauer without a rebound.
10:31 of 3rd period - Josh Bailey wins face-off versus Barrett Hayton in TEXAS TOROS zone.
10:32 of 3rd period - Shot by Anthony Beauvillier.
10:32 of 3rd period - Stopped by Philipp Grubauer without a rebound.
10:33 of 3rd period - Marcus Johansson wins face-off versus Barrett Hayton in TEXAS TOROS zone.
11:37 of 3rd period - Marcus Johansson is hit by Brandon Duhaime and loses puck.
12:19 of 3rd period - Ryan Poehling is hit by Logan Stanley.
12:30 of 3rd period - Bobby Brink is hit by Logan Stanley.
13:05 of 3rd period - Shot by Colin Blackwell.
13:05 of 3rd period - Shot Misses the Net.
13:07 of 3rd period - Shot by Colin Blackwell.
13:07 of 3rd period - Stopped by Samuel Montembeault with a rebound.
13:09 of 3rd period - Shot by Vladislav Namestnikov.
13:09 of 3rd period - Stopped by Samuel Montembeault without a rebound.
13:10 of 3rd period - Jack McBain wins face-off versus Colin Blackwell in VANCOUVER VOODOO zone.
13:57 of 3rd period - Shot by Bobby Brink.
13:57 of 3rd period - Shot Misses the Net.
13:59 of 3rd period - Shot by Tyson Barrie.
13:59 of 3rd period - Stopped by Samuel Montembeault without a rebound.
14:00 of 3rd period - Barrett Hayton wins face-off versus Cole Sillinger in VANCOUVER VOODOO zone.
14:13 of 3rd period - Anthony Beauvillier is hit by Brandon Duhaime and loses puck.
14:45 of 3rd period - Minor Penalty to Anthony Beauvillier for Interference.
14:46 of 3rd period - Ryan Poehling wins face-off versus Jack McBain in VANCOUVER VOODOO zone.
14:57 of 3rd period - Shot by Bobby Brink.
14:57 of 3rd period - Stopped by Samuel Montembeault without a rebound.
14:58 of 3rd period - Ryan Poehling wins face-off versus Radek Faksa in VANCOUVER VOODOO zone.
15:43 of 3rd period - Shot by Radek Faksa.
15:43 of 3rd period - Deflect By Dominik Kubalik.
15:43 of 3rd period - Stopped by Philipp Grubauer without a rebound.
15:44 of 3rd period - Barrett Hayton wins face-off versus Jack McBain in TEXAS TOROS zone.
15:44 of 3rd period - Ryan Suter is hit by Brendan Lemieux and loses puck.
16:00 of 3rd period - Shot by Ryan Suter.
16:00 of 3rd period - Stopped by Samuel Montembeault without a rebound.
16:01 of 3rd period - Radek Faksa wins face-off versus Ryan Poehling in VANCOUVER VOODOO zone.
16:58 of 3rd period - Shot by Yegor Chinakhov.
16:58 of 3rd period - Stopped by Samuel Montembeault without a rebound.
16:59 of 3rd period - Barrett Hayton wins face-off versus Cole Sillinger in VANCOUVER VOODOO zone.
17:04 of 3rd period - Shot by Taylor Raddysh.
17:04 of 3rd period - Stopped by Samuel Montembeault with a rebound.
17:06 of 3rd period - Shot by Erik Gustafsson.
17:06 of 3rd period - Shot Misses the Net.
17:52 of 3rd period - Shot by Yegor Chinakhov.
17:52 of 3rd period - Shot Misses the Net.
18:31 of 3rd period - Minor Penalty to Brendan Lemieux for Interference.
18:32 of 3rd period - Jack McBain wins face-off versus Barrett Hayton in VANCOUVER VOODOO zone.
18:46 of 3rd period - Patric Hornqvist is hit by Brandon Duhaime and loses puck.
19:21 of 3rd period - Shot by Colin Blackwell.
19:21 of 3rd period - Shot Blocked by Jack McBain.
19:40 of 3rd period - Icing by Dante Fabbro.
19:41 of 3rd period - Ryan Poehling wins face-off versus Jack McBain in TEXAS TOROS zone.
19:41 of 3rd period - Ryan Poehling is hit by Jack McBain.
19:48 of 3rd period - Dante Fabbro is hit by Matthew Grzelcyk and loses puck.
Goals for this period are 0 for TEXAS TOROS vs 1 for VANCOUVER VOODOO.
Shots for this period are 10 for TEXAS TOROS vs 10 for VANCOUVER VOODOO.


SEBASTIAN
AHO
MARK
SCHEIFELE
JAKE
OETTINGER

EAST COAST

HOCKEY LEAGUE

  • 17.QUE3CHI2
  • 18.CHA2LIM4
  • 19.TRV3LON2
  • 20.CHW1BAL2
  • 21.PITMAN
  • 22.ATLNHW
  • 23.WORPET
  • 24.RHI